 Dungeon Crawl Stone Soup version 0.30.1-6-gbe392663c4 (webtiles) character file.

Game seed: 8723469221444256531

65 Kurtz the Chopper (level 4, -4/28 HPs)
             Began as a Tengu Fighter on Sept 20, 2023.
             Slain by a hobgoblin
             ... wielding a +0 long sword
              (7 damage)
             ... on level 2 of the Dungeon.
             The game lasted 00:00:38 (1384 turns).

Kurtz the Chopper (Tengu Fighter)                   Turns: 1384, Time: 00:00:39

Health: -4/28      AC:  6    Str: 16    XL:     4   Next: 13%
Magic:  5/5        EV:  8    Int:  9    God:
Gold:   36         SH:  5    Dex: 15    Spells: 3/3 levels left

rFire   . . .        a - +0 war axe
rCold   . . .        c - +0 buckler
rNeg    . . .        b - +0 scale mail
rPois   .            (helmet restricted)
rElec   .            (no cloak)
rCorr   .            (no gloves)
SInv    .            (boots unavailable)
Will    .....        (no amulet) Stlth
                     (no ring)
HPRegen 0.24/turn    (no ring)
MPRegen 0.09/turn

%: no passive effects
@: no status effects
A: beak, talons 3
a: no special abilities


You were on level 2 of the Dungeon.
You visited 1 branch of the dungeon, and saw 2 of its levels.

You collected 36 gold pieces.

Inventory:

Hand Weapons
 a - a +0 war axe (weapon)
Missiles
 o - 2 curare-tipped darts (quivered)
Armour
 b - a +0 scale mail (worn)
 c - a +0 buckler (worn)
Jewellery
 l - a ring of resist corrosion
Scrolls
 e - 2 scrolls of vulnerability {unknown}
 h - 2 scrolls of blinking {unknown}
 i - 2 scrolls of identify {unknown}
 k - a scroll of noise {unknown}
 m - a scroll of fear {unknown}
 n - a scroll of acquirement {unknown}
Potions
 d - 2 potions of might
 f - a potion of haste {unknown}
 g - a potion of degeneration {unknown}
 j - a potion of flight {unknown}


   Skills:
 - Level 3.0 Fighting
 * Level 4.7 Axes
 - Level 3.2 Armour
 - Level 3.0 Shields


You had 3 spell levels left.
You didn't know any spells.
Your spell library contained the following spells:

 Spells                   Type           Power      Damage    Failure   Level
 Beastly Appendage        Tmut           0%         N/A       88%         1
 Wereblood                Tmut           0%         N/A       96%         2
 Spider Form              Tmut/Pois      0%         N/A       99%         3


Dungeon Overview and Level Annotations

Branches:
Dungeon (2/15)

Altars:
Qazlal

Annotations:
D:2 1 runed translucent door, Crazy Yiuf


Innate Abilities, Weirdness & Mutations

You have a beak for a mouth.
You have claws for feet.


Message History

A hobgoblin comes into view. It is wielding a +0 long sword.
A hobgoblin is nearby!
You see here a +0 leather armour.
A hobgoblin is nearby!
You hit the hobgoblin but do no damage. Your kick misses the hobgoblin.
You block the hobgoblin's attack.
A hobgoblin is nearby!
You hit the hobgoblin but do no damage.
You claw the hobgoblin, but do no damage.
The hobgoblin hits you with a +0 long sword.
A hobgoblin is nearby!
You hit the hobgoblin but do no damage. Your kick misses the hobgoblin.
The hobgoblin hits you with a +0 long sword.
An adder comes into view.
There are monsters nearby!
The adder hisses angrily.
You hit the hobgoblin but do no damage.
You claw the hobgoblin, but do no damage.
The hobgoblin hits you with a +0 long sword.
The hobgoblin hits you but does no damage.
There are monsters nearby!
You hit the hobgoblin but do no damage.
The hobgoblin hits you with a +0 long sword.
There are monsters nearby!
You are too injured to fight recklessly!
There are monsters nearby!
You are too injured to fight recklessly!
You are too injured to fight recklessly!
You are too injured to fight recklessly!
You are too injured to fight recklessly!
Unknown command.
The hobgoblin attacks as you move away! You block the hobgoblin's attack.
You see here a +0 leather armour.
You hit the hobgoblin but do no damage.
The hobgoblin hits you with a +0 long sword!
* * * LOW HITPOINT WARNING * * *
You barely miss the hobgoblin. The hobgoblin barely misses you. x2
You hit the hobgoblin but do no damage.
The hobgoblin hits you with a +0 long sword!
You die...

#. ## #......# #. .. ......###
#.###.###.#.###.#..##.
#.......#.#...)....##.
#..#........##..#..##.
#...........##.##.....
#.......#..##...†....
####.#g##...........####
#......@#..#..##.##.#
...##.......#........#
#.#.......##.#..##
#.......####....# ### ####.####
##...# #.# ######.### #..)#
#.########........# #...#
#..............##.# #...#
#........#.##..##.######...#####


You could see a hobgoblin.

Vanquished Creatures
  2 adders (D:2)
  2 dart slugs (D:1)
  An orc (D:2)
  3 bats
  4 endoplasms
  2 giant cockroaches (D:1)
  5 goblins
  3 hobgoblins
  A quokka (D:1)
  2 ball pythons (D:1)
  7 frilled lizards
  5 kobolds
  3 rats
40 creatures vanquished.

Notes
Turn   | Place    | Note
-------+----------+-------------------------------------------
     0 | D:1      | Kurtz the Tengu Fighter began the quest for the Orb.
     0 | D:1      | Reached XP level 1. HP: 14/14 MP: 2/2
    30 | D:1      | Reached XP level 2. HP: 19/19 MP: 3/3
    86 | D:1      | Reached skill level 3 in Axes
   413 | D:1      | Reached XP level 3. HP: 23/23 MP: 4/4
   845 | D:2      | Reached skill level 4 in Axes
  1069 | D:2      | Found a faded altar of an unknown god.
  1155 | D:2      | Reached XP level 4. HP: 23/28 MP: 5/5
  1219 | D:2      | Found a stormy altar of Qazlal.
  1294 | D:2      | Found a runed translucent door.
  1295 | D:2      | Noticed Crazy Yiuf
  1384 | D:2      | Slain by a hobgoblin

Illustrated notes

Levels and vault maps discovered:
D:1:      minmay_arrival_doors, layout_loops_ring, reono_crystal_passage
D:2:      layout_loops_cross, basic_altar, dilly_ecumenical_altar_fadedgnrine,
          hangedman_decor_riveting, uniq_crazy_yiuf_cottage

Skill      XL: |  1  2  3 |
---------------+----------+-----
Axes           | 3 4 |  4.7
Fighting       | |  3.0
Armour         | |  3.2
Shields        | |  3.0

Action                     |  1- 3 |  4- 6 || total
---------------------------+-------+-------++-------
  Melee: War axe           |    61 |    15 ||    76
         Kick              |    13 |     4 ||    17
         Peck              |     6 |     1 ||     7
 Armour: Scale mail        |    31 |     5 ||    36
  Dodge: Dodged            |    16 |     5 ||    21
  Block: Buckler           |    15 |     3 ||    18
